 Seeded DCSS version 0.30-a0-385-gfebfb9b408 (webtiles) character file.

Game seed: 841343 (custom seed)

81 McGhostyFace the Magician (level 4, -12/38 HPs)
             Began as a Gnoll Wanderer on Dec 2, 2022.
             Killed from afar by a steam dragon (17 damage)
             ... with a ball of steam
             ... on level 3 of the Dungeon.
             The game lasted 00:03:36 (1889 turns).

McGhostyFace the Magician (Gnoll Wanderer)          Turns: 1889, Time: 00:03:38

Health: -12/38     AC:  4    Str:  7    XL:     4   Next: 42%
Magic:  13/13      EV: 11    Int: 18    God:
Gold:   103        SH:  0    Dex: 11    Spells: 16/17 levels left

rFire   . . .      SeeInvis .    i - +2 short sword (venom)
rCold   . . .      Faith    .    (no shield)
rNeg    . . .      Spirit   .    c - +0 robe
rPois   .          Reflect  .    (no helmet)
rElec   .          Harm     .    p - +0 cloak
rCorr   +          Rampage  .    d - +0 pair of gloves
Will    .....                    (no boots)
Stlth   ++........               (no amulet)
HPRegen 0.26/turn                l - ring of resist corrosion
MPRegen 0.13/turn                (no ring)

@: no status effects
A: fangs 1, strong nose, distributed training
a: no special abilities


You were on level 3 of the Dungeon.
You visited 1 branch of the dungeon, and saw 3 of its levels.

You collected 103 gold pieces.

Inventory:

Hand Weapons
 i - a +2 short sword of venom (weapon)
Missiles
 n - a throwing net (quivered)
Armour
 c - a +0 robe (worn)
 d - a +0 pair of gloves (worn)
 p - a +0 cloak (worn)
Jewellery
 l - a ring of resist corrosion (left hand)
Scrolls
 a - a scroll of amnesia {unknown}
 e - a scroll of magic mapping {unknown}
 f - 2 scrolls of teleportation {unknown}
 j - a scroll of torment {unknown}
 m - 5 scrolls of identify {unknown}
 q - 2 scrolls of fear {unknown}
Potions
 b - a potion of berserk rage
 g - 4 potions of attraction {unknown}
 h - a potion of heal wounds {unknown}
 k - 2 potions of curing {unknown}
 o - a potion of might {unknown}
 r - a potion of lignification {unknown}


   Skills:
 + Level 4.6 Fighting
 + Level 1.2 Short Blades
 + Level 1.2 Long Blades
 + Level 1.2 Axes
 + Level 1.2 Maces & Flails
 + Level 1.2 Polearms
 + Level 1.2 Staves
 + Level 1.2 Ranged Weapons
 + Level 1.2 Throwing
 + Level 1.2 Armour
 + Level 1.2 Dodging
 + Level 4.3 Stealth
 + Level 1.2 Shields
 + Level 1.2 Unarmed Combat
 + Level 7.2 Spellcasting
 + Level 1.0 Conjurations
 + Level 1.0 Hexes
 + Level 1.0 Summonings
 + Level 1.0 Necromancy
 + Level 1.0 Translocations
 + Level 3.8 Transmutations
 + Level 1.0 Fire Magic
 + Level 2.2 Ice Magic
 + Level 1.0 Air Magic
 + Level 1.0 Earth Magic
 + Level 1.0 Poison Magic
 + Level 1.3 Invocations
 + Level 1.2 Evocations


You had 16 spell levels left.
You knew the following spells:

 Your Spells              Type           Power      Damage    Failure   Level
a - Freeze                Ice            56%        1d7       4%          1

Your spell library contained the following spells:

 Spells                   Type           Power      Damage    Failure   Level
 Beastly Appendage        Tmut           40%        N/A       2%          1
 Ozocubu's Armour         Ice            14%        N/A       12%         3
 Spider Form              Tmut/Pois      15%        N/A       12%         3
 Petrify                  Tmut/Erth      15%        N/A       36%         4
 Metabolic Englaciation   Hex/Ice        6%         N/A       83%         5
 Simulacrum               Ice/Necr       6%         N/A       100%        6


Dungeon Overview and Level Annotations

Branches:
Dungeon (3/15)

Altars:


Innate Abilities, Weirdness & Mutations

You have very sharp teeth.
Your uncanny sense of smell can sniff out nearby items.
Your experience applies equally to all skills.


Message History

The quokka closely misses you. The kobold misses you.
You hit the quokka.
The quokka looks as sick as possible!
The quokka is almost dead.
You kill the quokka!
You hit the kobold.
The kobold is poisoned.
The kobold is severely wounded.
You kill the kobold!
No target in view!
You start resting.
An orc comes into view. It is wielding a +0 club.
The orc shouts!
You hear an angry hiss.
A steam dragon comes into view.
You barely miss the orc. You bite the orc, but do no damage.
The orc hits you but does no damage.
You hit the orc but do no damage. The orc barely misses you.
You hit the orc.
The orc is almost dead.
The orc hits you with a +0 club.
You barely miss the orc.
The orc is almost dead.
The orc hits you with a +0 club.
You barely miss the orc.
The orc is almost dead.
The steam dragon breathes steam at you. The ball of steam misses you.
The orc barely misses you.
You closely miss the steam dragon.
You are engulfed in a cloud of scalding steam.
The steam dragon bites you! The steam dragon claws you.
The orc hits you with a +0 club.
You closely miss the steam dragon. Your bite misses the steam dragon.
You are engulfed in a cloud of scalding steam.
The steam dragon closely misses you. The steam dragon misses you.
The orc completely misses you.
You hit the steam dragon.
The steam dragon is lightly wounded.
You are engulfed in a cloud of scalding steam.
* * * LOW HITPOINT WARNING * * *
The steam dragon breathes steam at you. The ball of steam hits you!
You die...

#. ......# #.
##.......
#.##....^... ..
...........
...##..........
...............
......†)D......
#@o......
.......o....
##......#
...........o#
..#####
..........#..
#..#
...........#
..#
......o....#
..#
.......o...# .#
...........###
..
#.............


You could see a steam dragon (catching breath) and an orc.

Vanquished Creatures
  An iguana (D:3)
  A worm (D:2)
  A dart slug (D:3)
  3 ball pythons
  4 endoplasms
  2 giant cockroaches (D:1)
  5 goblins
  4 hobgoblins
  4 jackals (D:1)
  A quokka (D:3)
  4 bats (D:2)
  A frilled lizard (D:1)
  5 kobolds
  14 rats
50 creatures vanquished.

Notes
Turn   | Place    | Note
-------+----------+-------------------------------------------
     0 | D:1      | McGhostyFace the Gnoll Wanderer began the quest for the
                  | Orb.
     0 | D:1      | McGhostyFace set off with the following items: a +0 dagger,
                  | a potion of berserk rage, a +0 robe, a +0 pair of gloves;
                  | and the following spells available to memorise: Beastly
                  | Appendage, Freeze, Ozocubu's Armour, Spider Form, Petrify.
     0 | D:1      | Reached XP level 1. HP: 20/20 MP: 8/8
    43 | D:1      | Learned a level 1 spell: Freeze
   285 | D:1      | Reached XP level 2. HP: 26/26 MP: 10/10
   646 | D:1      | Reached XP level 3. HP: 31/31 MP: 11/11
  1162 | D:2      | Reached skill level 1 in Invocations
  1499 | D:2      | Reached skill level 1 in Short Blades
  1499 | D:2      | Reached skill level 1 in Long Blades
  1499 | D:2      | Reached skill level 1 in Axes
  1499 | D:2      | Reached skill level 1 in Maces & Flails
  1499 | D:2      | Reached skill level 1 in Polearms
  1499 | D:2      | Reached skill level 1 in Staves
  1499 | D:2      | Reached skill level 1 in Ranged Weapons
  1499 | D:2      | Reached skill level 1 in Throwing
  1499 | D:2      | Reached skill level 1 in Armour
  1499 | D:2      | Reached skill level 1 in Dodging
  1499 | D:2      | Reached skill level 1 in Shields
  1499 | D:2      | Reached skill level 1 in Unarmed Combat
  1499 | D:2      | Reached skill level 1 in Evocations
  1748 | D:3      | Reached XP level 4. HP: 21/38 MP: 8/13
  1868 | D:3      | Reached skill level 1 in Conjurations
  1868 | D:3      | Reached skill level 1 in Hexes
  1868 | D:3      | Reached skill level 1 in Summonings
  1868 | D:3      | Reached skill level 1 in Necromancy
  1868 | D:3      | Reached skill level 1 in Translocations
  1868 | D:3      | Reached skill level 1 in Fire Magic
  1868 | D:3      | Reached skill level 1 in Air Magic
  1868 | D:3      | Reached skill level 1 in Earth Magic
  1868 | D:3      | Reached skill level 1 in Poison Magic
  1879 | D:3      | Noticed a steam dragon
  1889 | D:3      | Killed from afar by a steam dragon

Illustrated notes

Levels and vault maps discovered:
D:1:      dpeg_arrival_pond, layout_basic, minmay_rat_gold_closets
D:2:      layout_rooms, minmay_pentomino_o4
D:3:      layout_rooms, mainiacjoe_overflow_big_doors

Skill      XL: |  1  2  3  4 |
---------------+-------------+-----
Ice Magic      | 2 |  2.2
Invocations    | 1 |  1.3
Short Blades   | 1 |  1.2
Long Blades    | 1 |  1.2
Axes           | 1 |  1.2
Maces & Flails | 1 |  1.2
Polearms       | 1 |  1.2
Staves         | 1 |  1.2
Ranged Weapons | 1 |  1.2
Throwing       | 1 |  1.2
Armour         | 1 |  1.2
Dodging        | 1 |  1.2
Shields        | 1 |  1.2
Unarmed Combat | 1 |  1.2
Evocations     | 1 |  1.2
Conjurations   | 1 |  1.0
Hexes          | 1 |  1.0
Summonings     | 1 |  1.0
Necromancy     | 1 |  1.0
Translocations | 1 |  1.0
Fire Magic     | 1 |  1.0
Air Magic      | 1 |  1.0
Earth Magic    | 1 |  1.0
Poison Magic   | 1 |  1.0
Fighting       | |  4.6
Stealth        | |  4.3
Spellcasting   | |  7.2
Transmutations | |  3.8

Action                   |  1- 3 |  4- 6 || total
-------------------------+-------+-------++-------
Melee: Dagger            |    24 |       ||    24
       Bite              |     5 |     1 ||     6
       Short sword       |    58 |    17 ||    75
       Punch             |     1 |       ||     1
 Cast: Freeze            |    25 |     3 ||    28
 Stab: Sleeping          |     8 |       ||     8
Armor: Robe              |    21 |     1 ||    22
Dodge: Dodged            |    61 |    12 ||    73

Table legend: (Time is in decaauts)
 A = Elapsed time spent in this place.
 B = Non-inter-level travel time spent in this place.
 C = Inter-level travel time spent in this place.
 D = Time resting spent in this place.
 E = Time spent auto-exploring this place.
 F = Levels seen in this place.
 G = Mean time per level.
                   A        B        C        D        E       F      G
               +--------+--------+--------+--------+--------+-----+--------+
         Total |   1886 |   1781 |    105 |    558 |    893 |   3 |  628.7 |
       Dungeon |   1886 |   1781 |    105 |    558 |    893 |   3 |  628.7 |
               +--------+--------+--------+--------+--------+-----+--------+

Top non-repeatable levels by time:
     D:1: 1070 daAuts
     D:2: 752 daAuts
     D:3: 63 daAuts
